 Dungeon Crawl Stone Soup version 0.31-a0-1-g4198be8af4 (webtiles) character file.

Game seed: 17486321533454861610

20331 jasper the Fighter (level 12, -22/97 HPs)
             Began as a Demonspawn Necromancer on May 1, 2023.
             Was an Elder of Vehumet.
             Annihilated by a naga warrior
             ... wielding a +0 battleaxe
              (25 damage)
             ... on level 1 of the Abyss.
             The game lasted 00:21:23 (13993 turns).

jasper the Fighter (Demonspawn Necromancer)        Turns: 13993, Time: 00:21:24

Health: -22/97     AC: 15    Str:  4    XL:     12   Next: 44%
Magic:  5/25       EV: 11    Int: 26    God:    Vehumet [****..]
Gold:   971        SH:  5    Dex: 15    Spells: 12/30 levels left

rFire   + +          +
                       - Unarmed
rCold   . . .        A - +0 buckler
rNeg    + + +        a - +0 robe
rPois   .            G - +1 hat
rElec   .            L - +2 cloak
rCorr   .            (gloves unavailable)
SInv    .            y - +0 pair of boots {Stlth+}
Will    .....        p - amulet of Opise {+Inv rF++ rN+++ Regen+ Str-5}
Stlth   +++          f - +4 ring of protection
HPRegen 1.16/turn    s - +6 ring of intelligence
MPRegen 0.38/turn

%: no passive effects
@: slowed, constricted, very slow
A: claws 3, molten scales 3, powered by death 2, magic regeneration
a: Renounce Religion, Evoke Invisibility


You were on level 1 of the Abyss.
You worshipped Vehumet.
Vehumet was greatly pleased with you.
You visited 3 branches of the dungeon, and saw 14 of its levels.
You visited the Abyss 1 time.
You also visited: Bailey.

You collected 971 gold pieces.

Inventory:

Hand Weapons
 c - a +0 vampiric short sword
 B - a +0 short sword
Missiles
 d - 11 boomerangs
 m - 8 curare-tipped darts
 x - 2 throwing nets
 E - 5 javelins
Armour
 a - a +0 robe (worn)
 y - a +0 pair of boots of stealth (worn)
 A - a +0 buckler (worn)
 G - a +1 hat (worn)
 L - a +2 cloak (worn)
Jewellery
 b - a ring of protection from cold
 f - a +4 ring of protection (left claw)
 o - an amulet of faith
 p - the amulet of Opise (around neck) {+Inv rF++ rN+++ Regen+ Str-5}
   (You found it on level 5 of the Dungeon)

   [amulet of regeneration]

   Str:       It affects your strength (-5).
   rF:        It greatly protects you from fire.
   rN:        It renders you almost immune to negative energy.
   +Inv:      It lets you turn invisible.
   Regen:     It increases your rate of health regeneration.
 s - a +6 ring of intelligence (right claw)
 u - a ring of protection from fire
 v - a +4 ring of protection
 H - an amulet of regeneration
 K - a ring of fire
Wands
 l - a wand of paralysis (11)
 D - a wand of roots (20)
Scrolls
 e - 2 scrolls of fear
 j - 4 scrolls of teleportation
 k - 4 scrolls of fog
 q - 3 scrolls of poison
 w - 4 scrolls of identify
 C - 2 scrolls of blinking
Potions
 g - 3 potions of cancellation {unknown}
 h - 7 potions of haste
 i - 4 potions of ambrosia
 n - 2 potions of attraction {unknown}
 r - 2 potions of invisibility
 t - 3 potions of lignification {unknown}
 z - 3 potions of might {unknown}
 F - 2 potions of magic
 I - 2 potions of mutation
 J - a potion of degeneration {unknown}
 M - a potion of brilliance {unknown}


   Skills:
 - Level 10.0 Fighting
 - Level 6.0 Dodging
 - Level 1.7 Stealth
 - Level 4.0 Shields
 - Level 5.0 Unarmed Combat
 + Level 9.7 Spellcasting
 * Level 7.0 Conjurations
 - Level 6.0 Necromancy
 * Level 8.2 Earth Magic


You had 12 spell levels left.
You knew the following spells:

 Your Spells              Type           Power      Damage    Failure   Level
a - Necrotise             Necr           100%       1d9       1%          1
b - Vampiric Draining     Necr           43%        2d9       2%          3
c - Animate Dead          Necr           43%        N/A       7%          4
d - Sandblast             Erth           100%       2d20      1%          1
e - Iron Shot             Conj/Erth      25%        9d5       16%         6
f - Stone Arrow           Conj/Erth      100%       3d13      1%          3

Your spell library contained the following spells:

 Spells                   Type           Power      Damage    Failure   Level
 Freezing Cloud           Conj/Ice/Air   12%        6-21      22%         5
 Shock                    Conj/Air       100%       1d9       1%          1
 Sticky Flame             Conj/Fire      30%        2d5       5%          4
 Frozen Ramparts          Ice            24%        1d4       7%          3
 Ignite Poison            Fire/Tmut/Pois 12%        N/A       7%          3
 Beastly Appendage        Tmut           24%        N/A       9%          1
 Wereblood                Tmut           12%        N/A       13%         2
 Animate Armour           Summ/Erth      68%        N/A       16%         4
 Leda's Liquefaction      Hex/Erth       17%        N/A       16%         4
 Airstrike                Air            6%         2d(1-17)  21%         4
 Agony                    Necr           43%        N/A       21%         5
 Call Canine Familiar     Summ           12%        N/A       26%         3
 Gell's Gravitas          Tloc           12%        N/A       26%         3
 Portal Projectile        Hex/Tloc       24%        N/A       26%         3
 Spider Form              Tmut/Pois      12%        N/A       26%         3
 Swiftness                Air            12%        N/A       26%         3
 Teleport Other           Tloc           12%        N/A       26%         3
 Tukima's Dance           Hex            12%        N/A       26%         3
 Yara's Violent Unravell  Hex/Tmut       6%         3d5       50%         5
 Ice Form                 Ice/Tmut       12%        N/A       63%         4
 Passage of Golubria      Tloc           12%        N/A       63%         4
 Summon Ice Beast         Ice/Summ       12%        N/A       63%         4
 Blade Hands              Tmut           6%         N/A       93%         5
 Dispersal                Tloc           6%         N/A       100%        6
 Ignition                 Fire           6%         3d4       100%        8


Dungeon Overview and Level Annotations

Branches:
Dungeon (11/15)            Temple (1/1) D:7            Lair (2/5) D:8
  Snake (0/4) Lair:2          Orc (0/2) D:10         Bailey (visited)
  Swamp: Lair:2-3    Shoals: Lair:2-3

Altars:
Ashenzari
Cheibriados
Dithmenos
Fedhas
Gozag
Hepliaklqana
Makhleb
Nemelex Xobeh
Okawaru
Qazlal
Ru
Sif Muna
Trog
Uskayaw
Vehumet
Wu Jian
Xom
Yredelemnul

Shops:
D:1 =   D:2 =

Annotations:
D:7 3 runed translucent doors, Twinkles's ghost, novice AtMo
Lair:2 Sonja


Innate Abilities, Weirdness & Mutations

You have claws for hands.
You are completely covered in molten scales. (AC +4, rF+)
You regenerate health from kills.
You regenerate magic rapidly.


Message History

The naga barely misses you.
You take 23 damage, and have 30/97 hp.
MASSIVE DAMAGE!!
You now have 9/25 mp.
Casting: Vampiric Draining (mildly dangerous; 2% risk of failure)
Confirm with . or Enter, or press ? or * to list all spells.
Aiming: Vampiric Draining (mildly dangerous; 2% risk of failure)
Press: ? - help, Shift-Dir - straight line, f/p - naga warrior
Aim: a naga warrior, wielding a +0 battleaxe (almost dead, constricting you, catching its breath)
You draw life force from the naga warrior!
You feel life coursing into your body.
You feel sick. The naga spits poison at you. The splash of poison misses you.
The naga warrior hits you but does no damage.
The naga warrior constricts you.
The naga hits you with a +0 short sword.
* * * LOW HITPOINT WARNING * * *
The naga warrior hits you with a +0 battleaxe!
* * * LOW HITPOINT WARNING * * *
The naga warrior constricts you.
* * * LOW HITPOINT WARNING * * *
You take 28 damage, and have 2/97 hp.
MASSIVE DAMAGE!!
You now have 6/25 mp.
You feel better. You block the naga's attack.
The naga warrior hits you with a +0 battleaxe.
* * * LOW HITPOINT WARNING * * *
The naga warrior constricts you.
* * * LOW HITPOINT WARNING * * *
You regained 4 hp, and now have 6/97 hp.
Casting: Vampiric Draining (mildly dangerous; 2% risk of failure)
Confirm with . or Enter, or press ? or * to list all spells.
Aiming: Vampiric Draining (mildly dangerous; 2% risk of failure)
Press: ? - help, Shift-Dir - straight line, f/p - naga warrior
Aim: a naga warrior, wielding a +0 battleaxe (almost dead, constricting you)
You draw life force from the naga warrior.
You feel life coursing into your body.
The naga hits you with a +0 short sword.
* * * LOW HITPOINT WARNING * * *
The naga warrior completely misses you. The naga warrior constricts you.
* * * LOW HITPOINT WARNING * * *
You block the naga's attack.
The naga warrior hits you with a +0 battleaxe!!
You die...

.# N## #..... ..
.. ##S#.# . . .#
# # #. ..#.##..
.# ### ...... #
#.#######.# #..##
#.#....@N#.#...#.
. ......#N#†..#
#.. . ##.#. ##.
..... . . ...
.#.##...# # ##
............ ..
... ..# ...## #
.#.##.###. #. #
.... ##.# ..# .#
. . . .#


You could see a naga warrior and a naga (strong).

Vanquished Creatures
  Harold (D:10)
  A boulder beetle (D:9)
  2 two-headed ogres
  A glowing orange brain (Abyss:1)
  A cyclops (D:11)
  A salamander (Lair:2)
  A worldbinder (Abyss:1)
  A black mamba (Lair:1)
  Maurice (D:9)
  A guardian serpent (Abyss:1)
  A torpor snail (Lair:1)
  A gargoyle (D:11)
  A cane toad (Lair:2)
  2 trolls (D:11)
  4 hornets
  A polar bear (Lair:1)
  A blink frog (Lair:1)
  A vampire (D:11)
  28 yaks
  2 spriggans (Bailey)
  2 wyverns
  A steam dragon (D:8)
  2 vampire mosquitoes (D:8)
  A naga (Abyss:1)
  2 acid dragons
  4 water moccasins
  A hornet zombie (D:10)
  3 orc warriors
  A sky beast (D:7)
  A small abomination (Abyss:1)
  An ogre (Bailey)
  A wolf (Lair:2)
  4 centaurs
  A phantom (D:5)
  3 kobold brigands
  4 bullfrogs
  A gnoll sergeant (D:7)
  17 wights
  2 yak zombies (D:10)
  An electric eel (D:11)
  7 howler monkeys
  3 lava snakes (Lair:2)
  2 jellies
  3 orc priests
  3 hounds
  An iron imp (Abyss:1)
  A gnoll bouda (D:6)
  A sleepcap (D:6)
  8 iguanas
  11 orc wizards
  20 gnolls
  7 adders
  2 white imps
  2 ufetubi
  2 dart slugs
  20 orcs
  5 ball pythons
  6 bats
  7 endoplasms
  4 giant cockroaches
  14 goblins
  8 hobgoblins
  6 jackals (D:1)
  8 quokkas
  3 frilled lizards
  21 kobolds
  3 orc zombies (D:10)
  6 rats
290 creatures vanquished.

Vanquished Creatures (collateral kills)
  A two-headed ogre (Bailey)
  A cane toad (Lair:1)
  4 blink frogs (Lair:1)
  2 spriggans (Bailey)
  4 yaks
  A vampire (D:11)
  An acid dragon (D:10)
  An orc warrior (D:10)
  2 ogres (Bailey)
  A kobold brigand (D:10)
  A howler monkey (D:11)
  An orc wizard (D:10)
  4 orcs
  A jackal (D:1)
  A quokka (D:1)
  3 kobolds (D:10)
  A butterfly (Lair:2)
30 creatures vanquished.

Vanquished Creatures (others)
  A two-headed ogre zombie (D:10)
  7 yak zombies
  An ogre zombie (Bailey)
  2 orc zombies (D:10)
  2 fungi (Lair:1)
  A lurking horror (Abyss:1)
  3 plants
17 creatures vanquished.

Grand Total: 337 creatures vanquished

Notes
Turn   | Place    | Note
-------+----------+-------------------------------------------
     0 | D:1      | jasper the Demonspawn Necromancer began the quest for the
                  | Orb.
     0 | D:1      | Reached XP level 1. HP: 13/13 MP: 3/3
   277 | D:1      | Gained mutation: You have sharp fingernails. [demonic
                  | ancestry]
   277 | D:1      | Reached XP level 2. HP: 15/19 MP: 0/5
   289 | D:1      | Reached skill level 5 in Necromancy
   564 | D:1      | Gained mutation: You are partially covered in molten
                  | scales. (AC +2) [demonic ancestry]
   564 | D:1      | Reached XP level 3. HP: 21/24 MP: 1/6
   586 | D:1      | Learned a level 3 spell: Vampiric Draining
   816 | D:1      | Found Usaockej's Jewellery Boutique.
  1602 | D:2      | Found Ravutaj's Jewellery Shop.
  1763 | D:2      | Found a faded altar of an unknown god.
  2221 | D:3      | Gained mutation: You have very sharp fingernails. [demonic
                  | ancestry]
  2221 | D:3      | Reached XP level 4. HP: 31/31 MP: 2/7
  2229 | D:3      | Reached skill level 1 in Fighting
  2478 | D:3      | Reached skill level 1 in Unarmed Combat
  2691 | D:3      | Reached skill level 2 in Fighting
  2883 | D:3      | Gained mutation: You are mostly covered in molten scales.
                  | (AC +3) [demonic ancestry]
  2883 | D:3      | Reached XP level 5. HP: 38/38 MP: 4/8
  3634 | D:4      | Learned a level 4 spell: Animate Dead
  3965 | D:4      | Noticed a water moccasin
  3981 | D:4      | Killed a water moccasin
  3982 | D:4      | Reached skill level 3 in Fighting
  3982 | D:4      | Gained mutation: You have claws for hands. [demonic
                  | ancestry]
  3982 | D:4      | Reached XP level 6. HP: 21/47 MP: 3/9
  4712 | D:5      | Entered Level 5 of the Dungeon
  4745 | D:5      | Identified the amulet of Opise {+Inv rF++ rN+++ Regen+
                  | Str-5}
  4795 | D:5      | Reached skill level 4 in Fighting
  4867 | D:5      | Reached XP level 7. HP: 51/55 MP: 4/10
  4988 | D:5      | Found a shadowy altar of Dithmenos.
  5507 | D:6      | Reached skill level 5 in Fighting
  5706 | D:6      | Reached skill level 5 in Unarmed Combat
  5725 | D:6      | Reached skill level 6 in Fighting
  5924 | D:6      | Reached XP level 8. HP: 52/64 MP: 11/11
  6405 | D:6      | Reached skill level 7 in Fighting
  6568 | D:7      | Found a runed translucent gate.
  6569 | D:7      | Found a runed translucent gate.
  6569 | D:7      | Found a runed translucent gate.
  6569 | D:7      | Noticed Twinkles's ghost (novice AtMo)
  6633 | D:7      | Reached skill level 8 in Fighting
  6785 | D:7      | Found a staircase to the Ecumenical Temple.
  6798 | Temple   | Entered the Ecumenical Temple
  7015 | Temple   | Became a worshipper of Vehumet
  7107 | D:7      | Reached skill level 9 in Fighting
  7217 | D:7      | You fall into a shaft and drop 1 floor!
  7613 | D:8      | Reached skill level 1 in Shields
  7613 | D:8      | Gained mutation: You regenerate a little health from kills.
                  | [demonic ancestry]
  7613 | D:8      | Reached XP level 9. HP: 77/77 MP: 12/12
  7723 | D:8      | Reached * piety under Vehumet
  7723 | D:8      | Offered knowledge of Sandblast by Vehumet.
  7732 | D:8      | Learned a level 1 spell: Sandblast
  7778 | D:8      | Identified the +1 shortbow "Gexuqutt" {antimagic, rPois rF+
                  | Str+4}
  7879 | D:8      | Found a staircase to the Lair.
  7999 | D:8      | Reached skill level 1 in Earth Magic
  8004 | D:8      | Reached skill level 10 in Fighting
  8172 | D:8      | Reached skill level 5 in Earth Magic
  8422 | D:9      | Found a shimmering altar of Xom.
  8602 | D:9      | Gained mutation: You are completely covered in molten
                  | scales. (AC +4, rF+) [demonic ancestry]
  8602 | D:9      | Reached XP level 10. HP: 79/85 MP: 14/14
  8680 | D:9      | Reached ** piety under Vehumet
  8680 | D:9      | Offered knowledge of Scorch by Vehumet.
  8724 | D:9      | Noticed a two-headed ogre
  8733 | D:9      | Killed a two-headed ogre
  8824 | D:9      | Reached skill level 5 in Spellcasting
  8947 | D:9      | Noticed a boulder beetle
  8948 | D:9      | Noticed Maurice
  8956 | D:9      | Paralysed by something for 4 turns
  9058 | D:10     | Entered Level 10 of the Dungeon
  9065 | D:10     | Found a staircase to the Orcish Mines.
  9065 | D:10     | Noticed a two-headed ogre
  9076 | D:10     | Killed a two-headed ogre
  9273 | D:10     | Paralysed by a centaur for 2 turns
  9274 | D:10     | Noticed Harold
  9334 | D:10     | Reached skill level 5 in Dodging
  9365 | D:10     | Killed Harold
  9366 | D:10     | Gained mutation: You regenerate health from kills. [demonic
                  | ancestry]
  9366 | D:10     | Reached XP level 11. HP: 47/90 MP: 6/22
  9514 | D:10     | Offered knowledge of Momentum Strike by Vehumet.
  9616 | D:10     | Found a flagged portal.
  9642 | Bailey   | Entered a bailey
  9698 | Bailey   | Reached *** piety under Vehumet
  9843 | Bailey   | Noticed a two-headed ogre
  9847 | Bailey   | Identified the +7 war axe of Grandeur {pain, Contam Will+
                  | Int+3 Dex+5}
  9861 | Bailey   | Killed a two-headed ogre
 10422 | D:11     | Learned a level 6 spell: Iron Shot
 10610 | D:11     | Reached skill level 1 in Conjurations
 11108 | D:11     | Offered knowledge of Stone Arrow by Vehumet.
 11135 | D:11     | Learned a level 3 spell: Stone Arrow
 11856 | D:9      | Killed a boulder beetle
 11883 | D:9      | Killed Maurice
 12091 | D:9      | Reached skill level 5 in Conjurations
 12459 | Lair:1   | Entered Level 1 of the Lair of Beasts
 12513 | Lair:1   | Gained mutation: You regenerate magic rapidly. [demonic
                  | ancestry]
 12513 | Lair:1   | Reached XP level 12. HP: 77/97 MP: 1/25
 13004 | Lair:1   | Reached **** piety under Vehumet
 13663 | Lair:2   | Found a staircase to the Snake Pit.
 13777 | Lair:2   | Noticed Sonja
 13787 | Abyss:1  | Found a corrupted altar of Lugonu.
 13787 | Abyss:1  | Cast into level 1 of the Abyss (Sonja)
 13848 | Abyss:1  | Offered knowledge of Freezing Cloud by Vehumet.
 13972 | Abyss:1  | Noticed a naga warrior
 13991 | Abyss:1  | HP: 2/97 [constriction (5)]
 13993 | Abyss:1  | Annihilated by a naga warrior

Illustrated notes

Levels and vault maps discovered:
D:1:      lightli_molten_gateway, layout_basic, serial_shops,
          nicolae_shop_just_a_little_nook, nicolae_kite_square_tiling_tiny
D:2:      layout_rooms, shapermc_ecumenical_altar_acropolis, serial_shops,
          nicolae_shop_tiny_real_fake_doors
D:3:      layout_basic, minivault_25
D:4:      layout_loops_corners, serial_glass, glass_columns_a, glass_columns_a,
          amethyst_killhole, serial_bayou_pond_d
D:5:      layout_gridville, nicolae_dithmenos_shadow_blocks
D:6:      layout_loops_ring
D:7:      layout_rooms, minmay_temple_entry_mini_moons,
          ebering_ghost_rock_garden
D:8:      layout_loops_ring, lair_entry_dummy
D:9:      layout_loops_ring, nicolae_overflow_hidden_temple, old_standard_altar,
          chequers_arboretum, uniq_maurice
D:10:     layout_rooms, orc_david_3, enter_bailey_5, uniq_harold
D:11:     layout_basic
Temple:   dpeg_five_rooms_temple
Lair:1:   layout_cave_pods, minivault_25
Lair:2:   dragon1_lemuel, layout_hall_layers, nicolae_snake_entry_warm_welcome,
          grunt_megastairs_2, serial_bayou_shore_b, lemuel_fruit_fields,
          uniq_sonja
Abyss:1:  base: Lair:1, serial_sigils_hangedman_snap

Skill      XL: |  1  2  3  4  5  6  7  8  9 10 11 12 |
---------------+-------------------------------------+-----
Necromancy     | 5 6 |  6.0
Fighting       | 2 3 4 6 9 10 | 10.0
Unarmed Combat | 1 3 4 5 |  5.0
Shields        | 1 4 |  4.0
Earth Magic    | 5 7 8 |  8.2
Dodging        | 2 5 6 |  6.0
Spellcasting   | 3 7 9 |  9.7
Conjurations   | 5 7 |  7.0
Stealth        | |  1.7

Action                     |  1- 3 |  4- 6 |  7- 9 | 10-12 || total
---------------------------+-------+-------+-------+-------++-------
  Melee: Short sword       |     7 |       |       |       ||     7
         Unarmed           |    91 |   200 |   416 |   486 ||  1193
         Punch             |     1 |     1 |    18 |       ||    20
  Throw: Boomerang         |       |       |       |     1 ||     1
   Cast: Necrotise         |    47 |     3 |       |     4 ||    54
         Vampiric Draining |       |    18 |    29 |    72 ||   119
         Animate Dead      |       |       |     1 |    10 ||    11
         Stone Arrow       |       |       |       |    93 ||    93
         Sandblast         |       |       |       |     4 ||     4
  Evoke: Wand              |       |       |    11 |     8 ||    19
    Use: Scroll            |     5 |     7 |     1 |     6 ||    19
         Potion            |       |     1 |     3 |     2 ||     6
   Stab: Sleeping          |     1 |     8 |     2 |     1 ||    12
         Distracted        |       |       |     1 |     1 ||     2
 Armour: Robe              |    29 |    80 |   143 |   229 ||   481
  Dodge: Dodged            |    89 |   123 |   306 |   312 ||   830
  Block: Buckler           |       |       |     1 |   118 ||   119

Table legend: (Time is in decaauts)
 A = Elapsed time spent in this place.
 B = Non-inter-level travel time spent in this place.
 C = Inter-level travel time spent in this place.
 D = Time resting spent in this place.
 E = Time spent auto-exploring this place.
 F = Levels seen in this place.
 G = Mean time per level.
                   A        B        C        D        E       F      G
               +--------+--------+--------+--------+--------+-----+--------+
         Total |  13989 |  13335 |    654 |    395 |   9972 |  16 |  874.3 |
       Dungeon |  11739 |  11177 |    562 |    385 |   8242 |  11 | 1067.2 |
        Temple |    269 |    218 |     51 |      0 |    201 |   1 |  269.0 |
          Lair |   1336 |   1296 |     40 |      0 |   1092 |   2 |  668.0 |
         Abyss |    212 |    212 |      0 |     10 |    153 |   1 |  212.0 |
        Bailey |    430 |    430 |      0 |      0 |    283 |   1 |  430.0 |
               +--------+--------+--------+--------+--------+-----+--------+

Top non-repeatable levels by time:
    D:11: 1439 daAuts
     D:1: 1389 daAuts
     D:9: 1315 daAuts
     D:3: 1253 daAuts
     D:4: 1237 daAuts
     D:6: 1037 daAuts
  Lair:1: 981 daAuts
     D:8: 960 daAuts
    D:10: 855 daAuts
     D:2: 825 daAuts
     D:5: 766 daAuts
     D:7: 657 daAuts
  Bailey: 430 daAuts
  Lair:2: 354 daAuts
  Temple: 269 daAuts
